 Dungeon Crawl Stone Soup version 0.24-a0-525-g9231cdcba1 (webtiles) character file.

Game seed: 9835742119604681745

34 Mithandil the Conjurer (level 3, -9/19 HPs)
             Began as a Deep Elf Conjurer on Aug 1, 2019.
             Engulfed by a cloud of flame (28 damage)
             ... on level 2 of the Dungeon.
             The game lasted 00:09:14 (1008 turns).

Mithandil the Conjurer (Deep Elf Conjurer)          Turns: 1008, Time: 00:09:14

Health: -9/19      AC:  2    Str:  6    XL:     3   Next: 14%
Magic:  10/10      EV: 19    Int: 19    God:
Gold:   24         SH:  0    Dex: 15    Spells: 6/9 levels left

rFire    . . .     SeeInvis .   a - +0 dagger
rCold    . . .     Gourm    .   (no shield)
rNeg     . . .     Faith    .   k - +0 robe
rPois    .         Spirit   .   (no helmet)
rElec    .         Reflect  .   (no cloak)
rCorr    .         Harm     .   (no gloves)
MR       .....                  (no boots)
Stlth    ++........             (no amulet)
HPRegen  0.06/turn              b - +4 ring of evasion
MPRegen  0.12/turn              i - +2 ring of evasion

@: no status effects
A: no striking features
a: no special abilities


You were on level 2 of the Dungeon.
You were not hungry.

You visited 1 branch of the dungeon, and saw 3 of its levels.

You collected 24 gold pieces.

Inventory:

Hand Weapons
 a - a +0 dagger (weapon)
Missiles
 n - 52 arrows
Armour
 k - a +0 robe (worn)
Jewellery
 b - a +4 ring of evasion (left hand)
 i - a +2 ring of evasion (right hand)
Scrolls
 e - 2 scrolls of identify
 f - a scroll of magic mapping
 j - a scroll of enchant weapon {unknown}
 m - a scroll of amnesia {unknown}
Potions
 d - a potion of lignification {unknown}
 h - a potion of brilliance {unknown}
 l - a potion of might {unknown}
 o - a potion of haste {unknown}
Comestibles
 c - 7 rations
 g - a chunk of flesh


   Skills:
 + Level 2.8 Dodging
 + Level 2.9 Stealth
 * Level 3.7 Spellcasting
 * Level 4.8 Conjurations


You had 6 spell levels left.
You knew the following spells:

 Your Spells              Type           Power        Failure   Level  Hunger
a - Magic Dart            Conj           ###.         1%          1    None
b - Searing Ray           Conj           ###...       3%          2    ##.....

Your spell library contained the following spells:

 Spells                   Type           Power        Failure   Level  Hunger
 Dazzling Spray           Conj/Hex       ##....       16%         3    ###....
 Iskenderun's Mystic Bla  Conj           ###.....     19%         4    ####...
 Force Lance              Conj/Tloc      ##......     45%         4    ####...
 Fulminant Prism          Conj/Hex       ##........   45%         4    ####...


Dungeon Overview and Level Annotations

Branches:
Dungeon (3/15)

Altars:
Kikubaaqudgha
Vehumet


Message History

Confirm with . or Enter, or press ? or * to list all spells.
Aiming: Magic Dart (safe; 1% risk of failure)
Press: ? - help, Shift-Dir - straight line, f - bat
Aim: a bat (resting)
The magic dart hits the bat.
You kill the bat!
You see here a bat corpse.
You butcher the bat corpse.
g - 2 chunks of flesh (gained 1)
You see here a bat skeleton.
Found 17 arrows.
n - 52 arrows (gained 17) Some of the chunks of flesh in your inventory have rotted away.
Really walk into a travel-excluded area?
Uppercase [Y]es or [N]o only, please.
Really walk into a travel-excluded area?
Really walk into that cloud of flame?
You are engulfed in blazing flames.
Ouch! That really hurt!
You die...

.######### ....#
.##.#### .......#
.##.##.# ######
.##.##.# ###....#
.##.##.# ####....°.###
.##.##.# #....☼.○§...#
. #.##.# #.##.§@..##.#
#.##.####.##.§.○.##.#
#.............○.....#
####.####.####....#.#
#.# #.# ######.# #.#
#.# #.# #.#
#.#########.#########.#
..#
#.....÷...............#
###
#######################


There were no monsters in sight!

Vanquished Creatures
  An ooze (D:1)
  A dart slug (D:1)
  A leopard gecko (D:2)
  2 bats (D:2)
  2 giant cockroaches
  2 goblins (D:1)
  6 hobgoblins
  5 kobolds
  4 rats
24 creatures vanquished.

Vanquished Creatures (others)
  A frilled lizard (D:2)
1 creature vanquished.

Grand Total: 25 creatures vanquished

Notes
Turn   | Place    | Note
-------+----------+-------------------------------------------
     0 | D:1      | Mithandil the Deep Elf Conjurer began the quest for the
                  | Orb.
     0 | D:1      | Reached XP level 1. HP: 10/10 MP: 6/6
   161 | D:2      | Reached XP level 2. HP: 15/15 MP: 2/8
   171 | D:2      | Learned a level 2 spell: Searing Ray
   634 | D:2      | Found an ancient bone altar of Kikubaaqudgha.
   807 | D:1      | Reached XP level 3. HP: 19/19 MP: 2/10
   958 | D:2      | Found a radiant altar of Vehumet.
  1008 | D:2      | Engulfed by a cloud of flame

Levels and vault maps discovered:
D:1:      scummos_arrival_hexagon, layout_loops_cross
D:2:      layout_loops_ring, nicolae_overflow_hidden_temple, fiery_altar_vehumet
D:3:      layout_loops_corners, gammafunk_ghost_split

Action                   || total
-------------------------++-------
Melee: Club              ||     7
       Dagger            ||     1
 Cast: Magic Dart        ||    54
  Use: Scroll            ||     3
 Stab: Sleeping          ||     2
Armor: Robe              ||     3
Dodge: Dodged            ||     8

Table legend:
 A = Non-vault XP
 B = Vault XP
 C = Vault XP percentage of total XP
 D = Non-vault monster count
 E = Vault monster count
 F = Vault count percentage of total count
                 A         B        C        D         E       F
            +---------+---------+-------+---------+---------+-------
      Total |      49 |       0 |   0.0 |      24 |       0 |   0.0
            +---------+---------+-------+---------+---------+-------
        D:1 |      35 |       0 |   0.0 |      16 |       0 |   0.0
        D:2 |      14 |       0 |   0.0 |       8 |       0 |   0.0
            +---------+---------+-------+---------+---------+-------
